 Dungeon Crawl Stone Soup version 0.26.0-10-g1f06aea511 (webtiles) character file.

Game seed: 8240797035495849176

69482 ythm the Severer (level 15, 0/120 HPs)
             Began as a Vine Stalker Berserker on Jan 14, 2021.
             Was a High Priest of Trog.
             Succumbed to an orange demon's poison
             ... on level 13 of the Dungeon.
             The game lasted 01:04:37 (10461 turns).

ythm the Severer (Vine Stalker Berserker)          Turns: 10461, Time: 01:04:37

Health: 0/120      AC: 38    Str: 28    XL:     15   Next: 30%
Magic:  2/16       EV: 17    Int:  2    God:    Trog [*****.]
Gold:   360        SH:  0    Dex: 14    Spells: 14/14 levels left

rFire    . . .     SeeInvis .   b - +2 broad axe (drain)
rCold    . . .     Faith    +   (no shield)
rNeg     + . .     Spirit   +   Q - +27 Lear's hauberk
rPois    .         Reflect  .   (helmet currently unavailable)
rElec    +         Harm     .   M - scarf {shadows}
rCorr    .         Rampage  .   (gloves currently unavailable)
Will     ++++.                  (boots currently unavailable)
Stlth    ..........             s - amulet of faith
HPRegen  2.10/turn              h - +4 ring of evasion
MPRegen  0.15/turn              y - ring "Nyihir" {rElec rN+ Will+ Str+2 Int-5 Stlth+}

@: berserking, lethally poisoned (0 -> -8), very slightly contaminated,
regenerating, hasted and slowed, invisible
A: fangs 3, regeneration 2, magic shield, antimagic bite, no potion heal 3
a: Renounce Religion, Berserk, Trog's Hand, Brothers in Arms


You were on level 13 of the Dungeon.
You worshipped Trog.
Trog was extremely pleased with you.
You visited 5 branches of the dungeon, and saw 23 of its levels.
You also visited: Gauntlet.

You collected 1812 gold pieces.
You spent 1452 gold pieces at shops.

Inventory:

Hand Weapons
 b - a +2 broad axe of draining (weapon)
 O - a +3 antimagic executioner's axe
 V - the +6 arbalest "Damnation" {damnation}
   (You bought it in a shop on level 2 of the Orcish Mines)
Missiles
 f - 603 bolts
 F - a throwing net
 P - 18 javelins
 S - 8 boomerangs of dispersal
Armour
 e - a +0 helmet of intelligence
 i - a +3 plate armour of cold resistance
 K - a +1 pair of gloves
 M - a scarf of shadows (worn)
 Q - the +27 Lear's hauberk (worn)
   (You found it on level 12 of the Dungeon)
 U - a +0 pair of boots
 Y - the +6 kite shield of Thoughtfulness {rCorr Str-5 SInv}
   (You found it on level 6 of the Lair of Beasts)

   It affects your strength (-5).
   It lets you see invisible.
   It provides partial protection from all sources of acid and corrosion.
Jewellery
 g - an uncursed ring of ice
 h - a +4 ring of evasion (left hand)
 s - an amulet of faith (around neck)
 y - the ring "Nyihir" (right hand) {rElec rN+ Will+ Str+2 Int-5 Stlth+}
   (You found it in a Gauntlet)

   [ring of stealth]

   It affects your strength (+2).
   It affects your intelligence (-5).
   It insulates you from electricity.
   It protects you from negative energy.
   It affects your willpower, your defense against some magical effects.
   It makes you more stealthy.
 C - an uncursed ring of resist corrosion
 D - an uncursed ring of see invisible
Wands
 a - a wand of random effects (14)
 u - a wand of polymorph (26)
 A - a wand of digging (9)
 E - a wand of flame (29)
 H - a wand of disintegration (11)
 R - a wand of enslavement (3)
 X - a wand of iceblast (5)
Scrolls
 c - 7 scrolls of teleportation
 m - a scroll of fear
 o - 2 scrolls of enchant armour
 v - 6 scrolls of enchant weapon
 w - 2 scrolls of immolation
 x - 2 scrolls of remove curse
 B - a scroll of blinking
 Z - 2 scrolls of identify
Potions
 d - a potion of invisibility
 j - 3 potions of degeneration {unknown}
 k - 9 potions of curing
 n - 2 potions of brilliance {unknown}
 q - 6 potions of attraction
 r - 3 potions of might
 t - 3 potions of flight
 z - 2 potions of berserk rage
 G - a potion of lignification {unknown}
 I - a potion of ambrosia {unknown}
 L - 2 potions of cancellation {unknown}
 N - a potion of mutation {unknown}
Miscellaneous
 p - a tin of tremorstones (2/2)
 J - a phantom mirror
 T - a box of beasts
 W - a condenser vane


   Skills:
 - Level 10.0 Fighting
 * Level 17.6 Axes
 + Level 3.0 Crossbows
 - Level 10.0 Armour
 - Level 7.0 Dodging


You had 14 spell levels left.
You didn't know any spells.
Your spell library was empty.

Dungeon Overview and Level Annotations

Branches:
Dungeon (13/15)            Temple (1/1) D:5            Lair (6/6) D:9
 Shoals (1/4) Lair:2        Snake (0/4) Lair:3        Slime (0/5) Lair:6
    Orc (2/2) D:11            Elf (0/3) Orc:2       Gauntlet (visited)
 Vaults: D:13-14

Altars:
Ashenzari
Dithmenos
Elyvilon
Fedhas
Gozag
Hepliaklqana
Kikubaaqudgha
Makhleb
Nemelex Xobeh
Okawaru
Qazlal
Ru
Sif Muna
Trog
Uskayaw
Vehumet
Wu Jian
Xom
Yredelemnul
Zin
The Shining One
Jiyva

Shops:
D:4 *   Orc:2 (:(*

Annotations:
D:5 3 runed translucent doors
D:9 3 runed translucent doors, SkeletonJelly's ghost, novice TrMo
D:13 Frances; Sonja
Lair:3 exclusion: 4 oklob plants
Lair:6 1 runed translucent door
Orc:1 1 runed translucent door, Copingsaw's ghost, journeyman DsFi


Innate Abilities, Weirdness & Mutations

You have razor-sharp teeth.
You heal very quickly.
When hurt, damage is shared between your health and your magic reserves.
Your bite disrupts and absorbs the magic of your enemies.
Potions cannot restore your health.


Message History

Your iron troll claws the death knight but does no damage.
Your iron troll completely misses the death knight.
Your Crossbows skill increases to level 3!
Unknown command.
Unknown command.
You barely miss Frances. Your bite misses Frances.
Frances is moderately wounded.
You slash the freezing wraith! You hit something.
* * * LOW HITPOINT WARNING * * *
You feel very sick. Something hits you but does no damage.
Frances hits you with a +0 dire flail.
The freezing wraith hits you but does no damage.
The freezing wraith closely misses you.
The death knight hits your iron troll with a +0 glaive!!
Unknown command.
Unknown command.
You slash Frances! You drain Frances. Your bite misses Frances.
Frances is moderately wounded.
You closely miss the freezing wraith. You hit something but do no damage.
You die...

#.....<#
#.._...#
##......#
#.......#
#....##.#
#..(.##.#
#.(..##.#
#{WK.# .#
#@@..#
#....#
..Tp....
#........
#....$...
#........
#........


You could see Frances (drained), a death knight, a freezing wraith, Sonja and a
friendly iron troll (summoned, berserk).

Vanquished Creatures
  Jorgrun (Orc:2)
  2 orc warlords (Orc:1)
  A merfolk impaler (Shoals:1)
  Josephine (D:10)
  Erolcha (D:10)
  A hydra (Lair:6)
  4 catoblepae
  5 centaur warriors
  3 death yaks (Lair:6)
  A two-headed ogre (D:11)
  Urug (Lair:4)
  2 deep elf knights (D:12)
  2 sixfirhies (Gauntlet)
  An unseen horror (D:11)
  A phantasmal warrior (D:13)
  A deep elf archer (D:12)
  5 orc knights
  An obsidian statue (Gauntlet)
  A cyclops (D:12)
  2 ugly things
  3 manticores
  A centaur zombie (D:12)
  3 black mambas
  14 elephants
  Joseph (D:10)
  A torpor snail (Gauntlet)
  7 cane toads
  A rime drake (Lair:3)
  2 kobold demonologists
  6 komodo dragons
  3 trolls
  A polar bear (Lair:4)
  A wind drake (Lair:2)
  A tengu conjurer (Gauntlet)
  21 blink frogs
  7 dream sheep (Lair:6)
  3 wraiths (D:10)
  4 wyverns (D:9)
  58 yaks
  A shadow (D:12)
  A steam dragon (D:12)
  6 basilisks
  A neqoxec (Gauntlet)
  Menkaure (D:7)
  A chaos spawn (Gauntlet)
  2 wargs (Orc:1)
  2 nagas (Lair:3)
  An acid dragon (D:11)
  A soldier ant (D:11)
  16 water moccasins
  Duvessa (D:7)
  40 orc warriors
  A black bear (Lair:3)
  3 phantoms
  An eye of draining (D:12)
  3 sky beasts
  12 ogres
  22 wolves
  11 centaurs
  5 big kobolds (D:11)
  7 bullfrogs
  A wyvern skeleton (D:6)
  3 scorpions
  Dowan (D:7)
  3 killer bees (D:13)
  12 wights
  2 howler monkeys (D:11)
  7 hounds
  7 orc priests
  3 jellies
  8 orc wizards
  5 centaur skeletons
  3 worker ants
  3 iguanas
  A hound zombie (D:7)
  3 gnolls (D:7)
  2 worker ant zombies
  6 adders
  A shadow imp (D:10)
  4 oozes
  2 adder skeletons
  3 worms
  A dart slug (D:5)
  5 leopard geckos
  72 orcs
  3 bats
  A giant cockroach (D:7)
  5 hobgoblins
  2 jackals (D:1)
  A frilled lizard (D:5)
  A goblin (D:2)
  18 kobolds
  A leopard gecko skeleton (D:4)
  A quokka skeleton (D:4)
  2 rats (D:2)
507 creatures vanquished.

Vanquished Creatures (collateral kills)
  A minotaur (Gauntlet)
  A hydra (Lair:6)
  2 death yaks (Lair:6)
  3 elephants (Lair:6)
  A rime drake (Lair:6)
  A troll (Orc:2)
  2 blink frogs (Lair:6)
  A yak (Lair:6)
  A wraith (D:13)
  2 orc warriors (Orc:2)
  2 centaurs (Orc:2)
  3 wolves (Lair:6)
  An orc (Orc:2)
21 creatures vanquished.

Vanquished Creatures (others)
  19 fungi
  67 plants
86 creatures vanquished.

Grand Total: 614 creatures vanquished

Notes
Turn   | Place    | Note
-------+----------+-------------------------------------------
     0 | D:1      | ythm the Vine Stalker Berserker began the quest for the
                  | Orb.
     0 | D:1      | Reached XP level 1. HP: 11/11 MP: 2/2
   130 | D:1      | Reached XP level 2. HP: 10/16 MP: 1/3
   213 | D:4      | Found Qeplad's Assorted Antiques.
   217 | D:4      | Noticed an ogre
   222 | D:4      | Killed an ogre
   223 | D:4      | Reached skill level 3 in Axes
   223 | D:4      | Reached XP level 3. HP: 20/20 MP: 4/4
   223 | D:4      | Gained mutation: Your natural rate of healing is unusually
                  | fast. [Vine Stalker growth]
   223 | D:4      | Reached XP level 4. HP: 24/24 MP: 5/5
   258 | D:3      | Found a sacrificial altar of Ru.
   333 | D:4      | Reached XP level 5. HP: 28/28 MP: 3/6
   397 | D:5      | Entered Level 5 of the Dungeon
   415 | D:5      | Noticed an ogre
   426 | D:5      | Killed an ogre
   427 | D:5      | Reached XP level 6. HP: 33/33 MP: 5/7
   556 | D:5      | Noticed a sky beast
   569 | D:5      | Killed a sky beast
   570 | D:5      | Reached skill level 4 in Axes
   570 | D:5      | Noticed a phantom
   655 | D:5      | Killed a phantom
   656 | D:5      | Reached XP level 7. HP: 37/37 MP: 8/8
   667 | D:5      | Found a staircase to the Ecumenical Temple.
   674 | Temple   | Entered the Ecumenical Temple
   840 | D:5      | Found a runed translucent gate.
   840 | D:5      | Found a runed translucent gate.
   844 | D:5      | Found a runed translucent gate.
  1058 | D:3      | Reached ** piety under Trog
  1347 | D:4      | Bought a scroll labelled YCERCH OQAJYECK for 31 gold pieces
  1347 | D:4      | Bought a scroll labelled ZOTOXU BUAN for 31 gold pieces
  1347 | D:4      | Bought a metallic brown potion for 27 gold pieces
  1347 | D:4      | Bought a scroll labelled FOMUCWIHUKU for 31 gold pieces
  1412 | D:6      | Gained mutation: You have razor-sharp teeth. [Vine Stalker
                  | growth]
  1412 | D:6      | Reached XP level 8. HP: 42/42 MP: 6/9
  1474 | D:6      | Found a stormy altar of Qazlal.
  1474 | D:6      | Found an ancient bone altar of Kikubaaqudgha.
  1479 | D:6      | Found a faded altar of an unknown god.
  1482 | D:6      | Found a faded altar of an unknown god.
  1483 | D:6      | Found a bloodstained altar of Trog.
  1490 | D:6      | Reached skill level 5 in Axes
  1547 | D:6      | Reached skill level 5 in Fighting
  1565 | D:7      | Noticed Duvessa
  1565 | D:7      | Noticed Dowan
  1617 | D:7      | Killed Dowan
  1624 | D:7      | Killed Duvessa
  1743 | D:8      | Reached *** piety under Trog
  1751 | D:9      | Noticed a wyvern
  1758 | D:9      | Noticed a wyvern
  1761 | D:9      | Killed a wyvern
  1886 | D:7      | Reached XP level 9. HP: 42/48 MP: 10/10
  1977 | D:7      | Noticed Menkaure
  1983 | D:7      | Killed Menkaure
  1984 | D:7      | Reached skill level 5 in Armour
  1984 | D:7      | Reached skill level 5 in Dodging
  2127 | D:9      | Reached skill level 6 in Axes
  2282 | D:9      | Found a staircase to the Lair.
  2296 | D:9      | Reached **** piety under Trog
  2297 | D:9      | Reached XP level 10. HP: 47/53 MP: 11/11
  2310 | D:9      | Found a runed translucent gate.
  2311 | D:9      | Found a runed translucent gate.
  2312 | D:9      | Found a runed translucent gate.
  2338 | D:9      | Reached skill level 7 in Axes
  2406 | D:9      | Noticed SkeletonJelly's ghost (novice TrMo)
  2570 | D:10     | Entered Level 10 of the Dungeon
  2570 | D:10     | Noticed Josephine
  2579 | D:10     | Killed Josephine
  2657 | D:10     | Noticed Erolcha
  2680 | D:10     | Killed Erolcha
  2681 | D:10     | Reached skill level 8 in Axes
  2721 | D:10     | Reached XP level 11. HP: 53/60 MP: 10/12
  2878 | D:11     | Reached skill level 9 in Axes
  2961 | D:11     | Found a gate leading to a gauntlet.
  2970 | Gauntlet | Entered a Gauntlet
  2970 | Gauntlet | Found a transporter.
  2981 | Gauntlet | Found a transporter.
  2981 | Gauntlet | Found a transporter.
  2982 | Gauntlet | Found a transporter.
  2986 | Gauntlet | Noticed a tengu warrior
  2988 | Gauntlet | Found a runed translucent gate.
  2988 | Gauntlet | Found a runed translucent gate.
  2988 | Gauntlet | Found a runed translucent gate.
  2990 | Gauntlet | Found a transporter.
  2993 | Gauntlet | Found a transporter.
  2994 | Gauntlet | Found a transporter.
  3001 | Gauntlet | Found a runed translucent door.
  3004 | Gauntlet | Found a transporter.
  3005 | Gauntlet | Found a transporter.
  3006 | Gauntlet | Found a transporter.
  3012 | Gauntlet | Noticed a four-headed hydra
  3014 | Gauntlet | Found a transporter.
  3017 | Gauntlet | Found a transporter.
  3018 | Gauntlet | Found a transporter.
  3021 | Gauntlet | Noticed a sixfirhy
  3022 | Gauntlet | Found a runed translucent door.
  3022 | Gauntlet | Noticed a sixfirhy
  3024 | Gauntlet | Found a runed translucent door.
  3026 | Gauntlet | Found a transporter.
  3065 | Gauntlet | Noticed an obsidian statue
  3243 | Gauntlet | Killed an obsidian statue
  3246 | Gauntlet | Got a heavily runed brass ring
  3249 | Gauntlet | Got a crude shortbow
  3274 | Gauntlet | Identified the ring "Nyihir" {rElec rN+ Will+ Str+2 Int-5
                  | Stlth+} (You found it in a Gauntlet)
  3324 | Gauntlet | Killed a sixfirhy
  3325 | Gauntlet | Reached skill level 10 in Axes
  3329 | Gauntlet | Killed a sixfirhy
  3379 | Gauntlet | Noticed a minotaur
  3395 | Gauntlet | Killed a minotaur
  3432 | Gauntlet | Got a brightly glowing leather armour
  3434 | Gauntlet | Identified the Volume of the Compass
  3470 | D:11     | Noticed a white ugly thing
  3482 | D:11     | Killed a white ugly thing
  3516 | D:11     | Identified the +3 leather armour of Truth {Will++} (You
                  | found it in a Gauntlet)
  3580 | D:11     | Reached skill level 11 in Axes
  3590 | D:11     | Noticed a two-headed ogre
  3597 | D:11     | Killed a two-headed ogre
  3644 | D:11     | Killed an unseen horror
  3683 | D:11     | Gained mutation: You heal very quickly. [Vine Stalker
                  | growth]
  3683 | D:11     | Reached XP level 12. HP: 64/64 MP: 13/13
  3769 | D:11     | Reached skill level 12 in Axes
  3847 | D:10     | Noticed Joseph
  3855 | D:10     | Killed Joseph
  3935 | D:11     | Found a staircase to the Orcish Mines.
  3944 | Orc:1    | Entered Level 1 of the Orcish Mines
  3946 | Orc:1    | Noticed an orc warlord
  3950 | Orc:1    | Reached ***** piety under Trog
  4069 | Orc:1    | Killed an orc warlord
  4195 | Orc:1    | Found a runed translucent door.
  4200 | Orc:1    | Noticed Copingsaw's ghost (journeyman DsFi)
  4293 | Orc:2    | Entered Level 2 of the Orcish Mines
  4293 | Orc:2    | Noticed an orc warlord
  4333 | Orc:2    | Reached skill level 13 in Axes
  4352 | Orc:1    | Killed an orc warlord
  4809 | Orc:2    | Noticed Jorgrun
  4912 | Orc:2    | Killed Jorgrun
  4913 | Orc:2    | Reached skill level 14 in Axes
  4913 | Orc:2    | Reached XP level 13. HP: 69/69 MP: 14/14
  5090 | Orc:2    | Found a staircase to the Elven Halls.
  5376 | Orc:2    | Found Setehafa's Antique Weapon Boutique.
  5376 | Orc:2    | Found Fablup's Book Shoppe.
  5377 | Orc:2    | Found Diextam's Weapon Emporium.
  5379 | Orc:2    | Found Xiugg's Assorted Antiques.
  5388 | Orc:2    | Bought a scroll of identify for 60 gold pieces
  5741 | Lair:1   | Entered Level 1 of the Lair of Beasts
  5767 | Lair:1   | Received a gift from Trog
  5995 | Lair:3   | Reached ****** piety under Trog
  6074 | Lair:3   | Found a staircase to the Snake Pit.
  6405 | Lair:2   | Reached skill level 15 in Axes
  6684 | Lair:4   | Received a gift from Trog
  6767 | Lair:4   | Noticed Urug
  6783 | Lair:4   | Killed Urug
  6947 | Lair:5   | Reached XP level 14. HP: 64/76 MP: 15/15
  7512 | Lair:2   | Reached skill level 10 in Fighting
  7518 | Lair:2   | Found a staircase to the Shoals.
  7727 | Lair:6   | Entered Level 6 of the Lair of Beasts
  7727 | Lair:6   | Found a runed translucent door.
  7727 | Lair:6   | Found a viscous altar of Jiyva.
  7727 | Lair:6   | Found a staircase to the Slime Pits.
  7817 | Lair:6   | Reached skill level 16 in Axes
  7829 | Lair:6   | Received a gift from Trog
  8316 | Orc:2    | Bought the +6 arbalest "Damnation" {damnation} for 1040
                  | gold pieces
  8316 | Orc:2    | Found the +6 arbalest "Damnation" {damnation}
  8563 | D:4      | Bought a scroll of enchant weapon for 232 gold pieces
  8893 | Lair:6   | Reached skill level 1 in Crossbows
  9071 | Lair:6   | Reached skill level 10 in Armour
  9150 | Lair:6   | Got a shimmering kite shield
  9157 | Lair:6   | Identified the +6 kite shield of Thoughtfulness {rCorr
                  | Str-5 SInv} (You found it on level 6 of the Lair of Beasts)
  9479 | Shoals:1 | Entered Level 1 of the Shoals
  9509 | Shoals:1 | Reached XP level 15. HP: 57/80 MP: 6/16
  9707 | D:12     | Received a gift from Trog
  9738 | D:12     | Reached skill level 17 in Axes
  9917 | D:12     | Identified the +9 quarterstaff "Ekhykhlull" {spect, +Inv
                  | rPois Str+6}
  9922 | D:12     | Identified the +9 quarterstaff "Ekhykhlull" {spect, +Inv
                  | rPois Str+6}
  9939 | D:12     | Found an iron altar of Okawaru.
  9978 | D:12     | Found the +27 Lear's hauberk
 10025 | D:12     | Identified the cursed +1 leather armour of Zuukhlassu
                  | {Str+2}
 10270 | D:12     | Noticed a tengu reaver
 10429 | D:13     | Found a shadowy altar of Dithmenos.
 10441 | D:13     | Noticed Sonja
 10447 | D:13     | Noticed Frances
 10458 | D:13     | HP: 4/120 [phantasmal warrior[a death knight] (3)]
 10460 | D:13     | HP: 1/120 [poisoned by an orange demon]
 10461 | D:13     | Succumbed to an orange demon's poison

Illustrated notes

Levels and vault maps discovered:
D:1:      dpeg_arrival_concentric_ovals, layout_loops_corners,
          minmay_lizard_king
D:2:      minmay_skewed_foursquare, layout_loops_corners,
          kennysheep_slug_shrine, tso_altar
D:3:      layout_loops_cross, nicolae_ru_sacrificial_ziggurat
D:4:      layout_cave_pools, serial_shops, nicolae_shop_statue_plus
D:5:      layout_basic, minmay_temple_entry_wispy, gammafunk_ghost_cemetery,
          minmay_crystal_water, amcnicky_mini_pool_medium
D:6:      layout_loops_cross, chequers_temple_overflow_minitemple
D:7:      layout_basic, uniq_menkaure, uniq_duvessa
D:8:      layout_basic, okawaru_ov_weapons_minmay, gammafunk_ghost_arena,
          corexii_checkpoint_a, the_bakery
D:9:      layout_irregular_city, minmay_lair_entry_grove, gammafunk_ghost_icy
D:10:     layout_grid_maze, uniq_joseph, uniq_maggie, uniq_josephine, uniq_grum,
          uniq_erolcha
D:11:     layout_basic, hiddenorc1_lemuel, gauntlet_entry_generic, uniq_erica
D:12:     evilmike_iron_armoury, layout_irregular_city,
          onia_ninara_dug_in_and_dangerous
D:13:     nzn_winding_woodlands_huge [nzn_winding_woodlands_5x15_longhouse,
          nzn_winding_woodlands_5x15_garden, nzn_winding_woodlands_5x15_cabin,
          nzn_winding_woodlands_5x15_zeroes, nzn_winding_woodlands_5x15_twine,
          nzn_winding_woodlands_5x15_river_crossing,
          nzn_winding_woodlands_5x15_pathside_ponds,
          nzn_winding_woodlands_5x15_lazy_stream,
          nzn_winding_woodlands_5x15_parted, nzn_winding_woodlands_5x15_jagged,
          nzn_winding_woodlands_center_diamonds,
          nzn_winding_woodlands_center_lodge,
          nzn_winding_woodlands_15x15_five_gardens], layout_basic,
          erik_vaults_2, basic_altar, fedhas_altar_4, uniq_azrael, uniq_frances,
          uniq_sonja
Temple:   lightli_temple_of_artemis
Lair:1:   lemuel_slime, layout_cave_shapes, patterned_corridor
Lair:2:   layout_gridlike, minmay_shoals_entry_beasts,
          grunt_forest_small_clearing_treed, infiniplex_staircase_pool_2
Lair:3:   layout_gridlike, guppyfry_snake_entry_island, lemuel_another_geyser,
          grunt_megastairs_2, lemuel_fruit_tree, minmay_lair_oklob_chamber
Lair:4:   layout_long_grid, uniq_urug
Lair:5:   layout_roguey, grunt_megastairs_5
Lair:6:   evilmike_catoblepas_cave, layout_misc_corridors, slime_altar_2
Shoals:1: layout_shoals, ebering_ghost_davey_jones, uniq_nikola
Orc:1:    layout_caves, ebering_ghost_reflecting_pool
Orc:2:    st_orc_rangers, layout_caves, uniq_jorgrun

Skill      XL: |  1  2  3  4  5  6  7  8  9 10 11 12 13 14 15 |
---------------+----------------------------------------------+-----
Fighting       | 3 4 5 6 8 9 10 | 10.0
Axes           | 3 4 5 6 8 11 14 15 16 17 | 17.6
Armour         | 2 3 4 6 7 8 10 | 10.0
Dodging        | 2 3 4 6 7 |  7.0
Crossbows      | 2 3 |  3.0

Action                   |  1- 3 |  4- 6 |  7- 9 | 10-12 | 13-15 || total
-------------------------+-------+-------+-------+-------+-------++-------
Melee: Hand axe          |    15 |    55 |   313 |   492 |   301 ||  1176
       Bite              |     3 |    16 |   106 |   221 |   320 ||   666
       Broad axe         |       |       |       |       |   467 ||   467
 Fire: Arbalest          |       |       |       |       |     2 ||     2
Invok: Berserk           |     1 |     3 |     6 |    21 |     9 ||    40
       Trog's Hand       |       |       |     1 |     8 |     5 ||    14
       Brothers in Arms  |       |       |       |     3 |     5 ||     8
  Use: Scroll            |       |       |     2 |    15 |     6 ||    23
       Potion            |       |       |       |       |     2 ||     2
 Stab: Petrified         |       |       |       |       |    18 ||    18
       Distracted        |       |       |       |       |     2 ||     2
Armor: Animal skin       |     1 |     1 |       |       |       ||     2
       Chain mail        |       |     4 |       |       |    71 ||    75
       Plate armour      |       |    18 |   187 |   255 |   367 ||   827
       Acid dragon scale |       |       |       |    11 |       ||    11
Dodge: Dodged            |    10 |    17 |   146 |   269 |   498 ||   940
